 Dungeon Crawl Stone Soup version 0.26.0-10-g1f06aea511 (webtiles) character file.

Game seed: 6655430583003741336

170 Borgoz the Slasher (level 5, -7/45 HPs)
             Began as a Ghoul Gladiator on Jan 15, 2021.
             Mangled by an ogre
             ... wielding a +0 giant club
              (31 damage)
             ... on level 4 of the Dungeon.
             The game lasted 00:04:06 (2542 turns).

Borgoz the Slasher (Ghoul Gladiator)                Turns: 2542, Time: 00:04:07

Health: -7/45      AC:  7    Str: 18    XL:     5   Next: 50%
Magic:  4/4        EV: 12    Int:  3    God:
Gold:   206        SH:  0    Dex: 11    Spells: 4/4 levels left

rFire    . . .     SeeInvis +   a - +0 long sword
rCold    + . .     Faith    .   (no shield)
rNeg     + + +     Spirit   .   b - +0 ring mail (curse)
rPois    ∞         Reflect  .   c - +0 helmet
rElec    .         Harm     .   (no cloak)
rCorr    .         Rampage  .   m - +0 pair of gloves
Will     .....                  (no boots)
Stlth    +.........             o - amulet of the acrobat
HPRegen  0.00/turn              f - ring of see invisible
MPRegen  0.09/turn              (no ring)

@: no status effects
A: claws 1, cold resistance 1, negative energy resistance 3, inhibited
regeneration, torment resistance, unbreathing
a: no special abilities


You were on level 4 of the Dungeon.
You visited 1 branch of the dungeon, and saw 4 of its levels.

You collected 206 gold pieces.

Inventory:

Hand Weapons
 a - a +0 long sword (weapon)
Missiles
 d - 3 throwing nets (quivered)
Armour
 b - a cursed +0 ring mail (worn)
 c - a +0 helmet (worn)
 m - a +0 pair of gloves (worn)
Jewellery
 f - a ring of see invisible (left hand)
 o - an amulet of the acrobat (around neck)
 s - an uncursed ring of protection from fire {unknown}
Wands
 p - a wand of flame (14)
Scrolls
 e - 2 scrolls of remove curse
 h - a scroll of fear {unknown}
 i - 5 scrolls of identify {unknown}
 k - 2 scrolls of magic mapping {unknown}
 r - a scroll of teleportation {unknown}
Potions
 g - 3 potions of curing {unknown}
 j - a potion of invisibility {unknown}
 l - 2 potions of degeneration {unknown}
 n - 3 potions of attraction {unknown}
 q - a potion of might {unknown}


   Skills:
 + Level 3.3 Fighting
 * Level 3.8 Long Blades
 - Level 1.7 Throwing
 * Level 2.4 Armour
 + Level 3.2 Dodging


You had 4 spell levels left.
You didn't know any spells.
Your spell library was empty.

Dungeon Overview and Level Annotations

Branches:
Dungeon (4/15)
 Temple: D:4-7

Altars:

Annotations:
D:4 Dowan, Duvessa


Innate Abilities, Weirdness & Mutations

You thrive by killing the living.
You are immune to poison.
You have sharp fingernails.
Your flesh is cold resistant. (rC+)
You are immune to negative energy. (rN+++)
You do not regenerate when monsters are visible.
You are immune to unholy pain and torment.
You can survive without breathing.


Message History

Duvessa, Sister of Dowan comes into view.
She is wielding a +1 short sword of freezing and wearing a +3 scale mail of willpower.
Things that are here:
a +0 club; a +0 leather armour; a +0 flail You start resting.
Dowan is nearby!
Dowan shouts!
You start resting.
Dowan is nearby!
An ogre comes into view. It is wielding a +0 giant club.
Dowan casts a spell.
Dowan blinks!
Dowan gestures at you while chanting. The puff of frost misses you.
A quokka skeleton comes into view.
Dowan mumbles some strange words.
Dowan blinks!
You closely miss the ogre.
The ogre hits you with a +0 giant club!!
Ouch! That really hurt!
You die...

#......###### ##
............#####.
#....>.####.......
#.................
#......#.......... ####
#......#.####.....
.....##.........###.....
#...#####......#.....
#.@Oe.#.##...#.....
#####..............
##.....†)##....
#..###........
#.####.#......
#.............
.......##))...
(........#.....
#...)...........


You could see Duvessa and an ogre.

Vanquished Creatures
  5 adders
  4 gnolls (D:4)
  A white imp (D:3)
  An ooze (D:4)
  2 worms
  4 dart slugs
  2 leopard geckos
  5 orcs
  6 giant cockroaches
  5 goblins
  4 hobgoblins
  5 kobolds
  A quokka (D:2)
  A ball python (D:2)
  6 bats
  2 frilled lizards
  7 rats
61 creatures vanquished.

Notes
Turn   | Place    | Note
-------+----------+-------------------------------------------
     0 | D:1      | Borgoz the Ghoul Gladiator began the quest for the Orb.
     0 | D:1      | Reached XP level 1. HP: 17/17 MP: 0/0
   428 | D:1      | Reached XP level 2. HP: 17/24 MP: 1/1
   907 | D:2      | Reached skill level 1 in Armour
   907 | D:2      | Reached XP level 3. HP: 28/30 MP: 2/2
  1304 | D:2      | Reached XP level 4. HP: 32/37 MP: 3/3
  2366 | D:3      | Reached XP level 5. HP: 44/45 MP: 4/4
  2512 | D:4      | Noticed Dowan
  2515 | D:4      | Noticed Duvessa
  2530 | D:4      | Noticed an ogre
  2542 | D:4      | Mangled by an ogre

Illustrated notes

Levels and vault maps discovered:
D:1:      minmay_arrival_nine_rooms, layout_loops_ring, minmay_strange_pillars
D:2:      layout_basic
D:3:      layout_basic, grunt_decor_clamped
D:4:      layout_rooms, nicolae_ru_sacrificial_ziggurat,
          nicolae_overflow_crystal_walls, uniq_duvessa

Skill      XL: |  1  2  3  4 |
---------------+-------------+-----
Long Blades    | 3 |  3.8
Armour         | 1 2 |  2.4
Dodging        | 3 |  3.2
Fighting       | 3 |  3.3
Throwing       | |  1.7

Action                   |  1- 3 |  4- 6 || total
-------------------------+-------+-------++-------
Melee: Long sword        |    72 |   134 ||   206
  Use: Scroll            |     1 |     1 ||     2
Armor: Leather armour    |     9 |       ||     9
       Scale mail        |     2 |       ||     2
       Ring mail         |    14 |    90 ||   104
Dodge: Dodged            |    43 |   131 ||   174
       Rpst.: Long sword |    17 |    42 ||    59
